 Dungeon Crawl Stone Soup version 0.29-a0-317-gd16b76e6b1 (webtiles) character file.

Game seed: 7251588980437946675

18013 Essalna the Thaumaturge (level 12, -2/94 HPs)
             Began as a Demonspawn Conjurer on Mar 30, 2022.
             Was a High Priest of Vehumet.
             Slain by an elephant (12 damage)
             ... on level 2 of the Lair of Beasts.
             The game lasted 00:38:30 (14815 turns).

Essalna the Thaumaturge (Demonspawn Conjurer)      Turns: 14815, Time: 00:38:30

Health: -2/94      AC: 13    Str: 11    XL:     12   Next: 24%
Magic:  7/27       EV: 10    Int: 31    God:    Vehumet [*****.]
Gold:   597        SH:  0    Dex: 13    Spells: 12/33 levels left

rFire   . . .      SeeInvis +   N - +9 falchion of the Feral God {vorpal, Dex+2}
rCold   . . .      Faith    .   (no shield)
rNeg    . . .      Spirit   .   s - +0 ring mail of the Vacuum {Regen+ Str+3}
rPois   +          Reflect  .   I - +2 helmet
rElec   .          Harm     .   (no cloak)
rCorr   .          Rampage  .   (no gloves)
Will    .....                   (no boots)
Stlth   +++.......              G - amulet of regeneration
HPRegen 1.85/turn               v - +6 ring of intelligence
MPRegen 0.20/turn               E - ring of see invisible

@: studying Spellcasting
A: slimy green scales 3, demonic guardian 2, powered by death 1, weakness
stinger 2
a: Renounce Religion


You were on level 2 of the Lair of Beasts.
You worshipped Vehumet.
Vehumet was extremely pleased with you.
You visited 3 branches of the dungeon, and saw 14 of its levels.
You also visited: Ossuary and Bailey.

You collected 597 gold pieces.

Inventory:

Hand Weapons
 f - a +2 dagger of freezing
 J - the +3 hunting sling of Oqieptoz {vorpal, Int+7}
   (You found it on level 10 of the Dungeon)

   Any ammunition fired from it inflicts extra damage upon your enemies.
   Int:       It affects your intelligence (+7).
 N - the +9 falchion of the Feral God (weapon) {vorpal, Dex+2}
   (You found it on level 1 of the Lair of Beasts)

   It inflicts extra damage upon your enemies.
   Dex:       It affects your dexterity (+2).
Armour
 s - the +0 ring mail of the Vacuum (worn) {Regen+ Str+3}
   (You found it on level 3 of the Dungeon)

   Str:       It affects your strength (+3).
   Regen:     It increases your rate of health regeneration.
 D - a +2 robe of resistance
 I - a +2 helmet (worn)
Magical Staves
 K - a staff of fire
Jewellery
 q - an amulet of the acrobat
 v - a +6 ring of intelligence (left hand)
 y - a ring of fire
 C - a ring of flight
 E - a ring of see invisible (right hand)
 G - an amulet of regeneration (around neck)
Wands
 z - a wand of flame (18)
 L - a wand of paralysis (6)
 O - a wand of iceblast (3)
Scrolls
 c - 10 scrolls of identify {unknown}
 g - 2 scrolls of brand weapon {unknown}
 h - 2 scrolls of vulnerability
 j - 3 scrolls of magic mapping
 n - a scroll of holy word
 o - 4 scrolls of teleportation
 w - 4 scrolls of immolation {unknown}
 x - 2 scrolls of enchant armour {unknown}
 B - a scroll of summoning {unknown}
 F - a scroll of torment {unknown}
 H - 2 scrolls of blinking
 M - a scroll of noise {unknown}
Potions
 a - 3 potions of flight {unknown}
 b - a potion of magic
 d - 2 potions of curing {unknown}
 e - 4 potions of lignification {unknown}
 i - 5 potions of degeneration {unknown}
 k - 7 potions of heal wounds {unknown}
 l - 3 potions of haste {unknown}
 m - 4 potions of brilliance {unknown}
 p - a potion of resistance {unknown}
 r - a potion of cancellation {unknown}
 t - a potion of berserk rage {unknown}
 u - 2 potions of ambrosia {unknown}
 A - 2 potions of invisibility {unknown}


   Skills:
 + Level 8.6 Fighting
 - Level 5.2 Armour
 - Level 1.7 Dodging
 - Level 7.1 Stealth
 + Level 11.2 Spellcasting
 + Level 9.9 Conjurations
 + Level 6.1 Necromancy
 + Level 7.5 Translocations


You had 12 spell levels left.
You knew the following spells:

 Your Spells              Type           Power      Damage    Failure   Level
a - Magic Dart            Conj           100%       1d8       1%          1
b - Searing Ray           Conj           100%       2d8       1%          2
c - Iskenderun's Mystic   Conj/Tloc      64%        2d13      1%          4
d - Haunt                 Necr/Summ      18%        N/A       100%        7
e - Orb of Destruction    Conj           34%        9d10      24%         7

Your spell library contained the following spells:

 Spells                   Type           Power      Damage    Failure   Level
 Foxfire                  Conj/Fire      100%       2x1d9     1%          1
 Shock                    Conj/Air       100%       1d9       1%          1
 Conjure Flame            Conj/Fire      48%        6-21      1%          3
 Dazzling Flash           Conj/Hex       96%        N/A       1%          3
 Mephitic Cloud           Conj/Pois/Air  37%        N/A       1%          3
 Poisonous Vapours        Pois/Air       34%        N/A       2%          2
 Flame Wave               Conj/Fire      48%        2d10      2%          4
 Fulminant Prism          Conj/Hex       24%        3d13      2%          4
 Portal Projectile        Hex/Tloc       80%        N/A       4%          3
 Animate Dead             Necr           26%        N/A       4%          4
 Ignite Poison            Fire/Tmut/Pois 17%        N/A       5%          3
 Inner Flame              Hex/Fire       17%        N/A       5%          3
 Sting                    Tmut/Pois      68%        1d6       6%          1
 Irradiate                Conj/Tmut      24%        3d21      6%          5
 Ensorcelled Hibernation  Hex/Ice        34%        N/A       10%         2
 Passwall                 Tmut/Erth      14%        N/A       10%         2
 Freezing Cloud           Conj/Ice/Air   18%        6-21      12%         5
 Airstrike                Air            8%         N/A       17%         4
 Olgreb's Toxic Radiance  Pois           17%        N/A       17%         4
 Swiftness                Air            17%        N/A       19%         3
 Starburst                Conj/Fire      24%        6d8       30%         6
 Ice Form                 Ice/Tmut       17%        N/A       54%         4
 Alistair's Intoxication  Tmut/Pois      11%        N/A       87%         5
 Blade Hands              Tmut           8%         N/A       87%         5
 Dragon Form              Tmut           8%         N/A       100%        7
 Infestation              Necr           26%        N/A       100%        8


Dungeon Overview and Level Annotations

Branches:
Dungeon (11/15)            Temple (1/1) D:5            Lair (2/6) D:11
 Spider (0/4) Lair:2          Orc (0/2) D:9         Ossuary (visited)
 Bailey (visited)
  Swamp: Lair:2-4    Shoals: Lair:2-4

Altars:
Ashenzari
Cheibriados
Dithmenos
Elyvilon
Fedhas
Gozag
Hepliaklqana
Kikubaaqudgha
Makhleb
Nemelex Xobeh
Okawaru
Qazlal
Ru
Sif Muna
Trog
Uskayaw
Vehumet
Wu Jian
Xom
Yredelemnul
Zin
The Shining One
Beogh

Shops:
D:2 [   D:6 [


Innate Abilities, Weirdness & Mutations

You are completely covered in slimy green scales. (AC +4, rPois)
A demonic guardian rushes to your aid.
You regenerate a little health from kills.
You have a tail ending in a sharp stinger.


Message History

The elephant trunk-slaps you but does no damage.
You hit the elephant but do no damage.
The elephant is heavily wounded.
The elephant tramples you.
You stumble backwards!
The elephant tramples you!
You stumble backwards!
You hit the elephant.
You tail-slap the elephant, but do no damage.
The elephant is heavily wounded.
The elephant tramples you!
You stumble backwards!
You barely miss the elephant. You tail-slap the elephant.
The elephant is heavily wounded.
The elephant tramples you!
* * * LOW HITPOINT WARNING * * *
You stumble backwards!
You hit the elephant.
The elephant is heavily wounded.
The elephant tramples you!
* * * LOW HITPOINT WARNING * * *
A demonic guardian appears!
You stumble backwards!
Casting: Iskenderun's Mystic Blast (mildly dangerous; 1% risk of failure)
Confirm with . or Enter, or press ? or * to list all spells.
Aiming: Searing Ray (safe; 1% risk of failure)
Press: ? - help, Shift-Dir - straight line, f - elephant
Aim: an elephant (heavily wounded, ally target, 100% to hit)
The searing ray hits the elephant but does no damage.
The elephant is heavily wounded. (Press . to maintain the ray.)
The elephant tramples you but does no damage.
The elephant trunk-slaps you but does no damage.
The searing ray hits the elephant.
The elephant is severely wounded.
The elephant tramples you!
* * * LOW HITPOINT WARNING * * *
You hold your ground!
The elephant trunk-slaps you but does no damage.
Your rust devil hits the elephant.
Your rust devil corrodes the elephant!
The searing ray hits the elephant!
The elephant is severely wounded.
The elephant tramples you!
You die...

.... .#.# #..# #.†# ..#
## #.## ##.#####.###..#
[..PP...###...#
.......†...Y@## ##
...#..#...#4..##.###
.......#########..#.##.#
.....#.# #.........
........ ##........
...^.#.# #..>.....
^^^..P.## #........
^^......### ###........
^^^.....#.####.P.†......


You could see an elephant (corroded, ally target) and a friendly rust devil
(summoned).

Vanquished Creatures
  2 two-headed ogres (D:10)
  Pikel (D:7)
  4 elephants (Lair:2)
  2 cane toads (Lair:2)
  Maggie (D:10)
  2 gargoyles
  5 komodo dragons
  2 shadows (D:8)
  A wraith (D:8)
  24 yaks
  A basilisk (Lair:1)
  Menkaure (D:7)
  2 wargs (D:11)
  Duvessa (D:7)
  2 water moccasins
  An ice beast (D:8)
  6 orc warriors
  A black bear (D:6)
  3 sky beasts
  2 hornet zombies (D:7)
  A centaur (D:7)
  4 kobold brigands
  3 lemures (D:7)
  5 phantoms
  5 bullfrogs
  2 necrophages
  A gnoll sergeant (D:7)
  2 scorpions (D:6)
  3 wights
  Dowan (D:7)
  7 water moccasin zombies (Ossuary)
  5 killer bees (D:9)
  An electric eel (D:6)
  The ghost of iamserjio the Insei, a weakling OpTm (D:6)
  4 hounds
  3 centaur zombies (D:7)
  2 jellies
  A human zombie (D:7)
  11 orc priests
  3 iguanas
  12 orc wizards
  4 mummies
  2 howler monkey zombies (D:7)
  12 gnolls
  5 adders
  2 white imps
  An adder zombie (Ossuary)
  A dart slug (D:1)
  59 orcs
  6 ball pythons
  9 endoplasms
  4 giant cockroaches
  4 gnoll zombies (Ossuary)
  14 goblins
  7 hobgoblins
  4 jackals (D:1)
  4 quokkas
  10 bats
  7 frilled lizards
  3 hobgoblin zombies (Ossuary)
  29 kobolds
  4 kobold zombies (Ossuary)
  4 orc zombies (Ossuary)
  5 rats
341 creatures vanquished.

Vanquished Creatures (collateral kills)
  The ghost of feta the Frost Mage, a novice GnIE of Cheibriados (D:8)
  2 elephants (Lair:2)
  A kobold demonologist (D:11)
  6 yaks
  An orc warrior (D:11)
  2 centaurs (D:8)
  3 wights (D:8)
  An orc wizard (D:11)
17 creatures vanquished.

Vanquished Creatures (others)
  14 fungi
  36 plants
50 creatures vanquished.

Grand Total: 408 creatures vanquished

Notes
Turn   | Place    | Note
-------+----------+-------------------------------------------
     0 | D:1      | Essalna the Demonspawn Conjurer began the quest for the
                  | Orb.
     0 | D:1      | Reached XP level 1. HP: 13/13 MP: 3/3
   291 | D:1      | Gained mutation: You are partially covered in slimy green
                  | scales. (AC +2) [demonic ancestry]
   291 | D:1      | Reached XP level 2. HP: 19/19 MP: 0/5
   347 | D:1      | You fall into a shaft and drop 1 floor!
   965 | D:1      | Found a faded altar of an unknown god.
   977 | D:1      | Reached XP level 3. HP: 19/24 MP: 1/6
  1045 | D:1      | Got Plato's Guide on the Blaze
  1624 | D:2      | Learned a level 2 spell: Searing Ray
  1804 | D:2      | Got the Grimoire of the Kraken
  1970 | D:2      | Found Gaethioh's Antique Armour Emporium.
  2516 | D:3      | Reached XP level 4. HP: 30/30 MP: 6/8
  2519 | D:3      | Identified the +0 ring mail of the Vacuum {Regen+ Str+3}
  2801 | D:3      | Reached skill level 3 in Spellcasting
  2993 | D:3      | Reached skill level 1 in Fighting
  2993 | D:3      | Gained mutation: You have a small tail. [demonic ancestry]
  2993 | D:3      | Reached XP level 5. HP: 36/37 MP: 3/9
  3072 | D:3      | Reached skill level 1 in Armour
  3532 | D:3      | Reached skill level 5 in Conjurations
  3604 | D:4      | Gained mutation: You are mostly covered in slimy green
                  | scales. (AC +3) [demonic ancestry]
  3604 | D:4      | Reached XP level 6. HP: 42/43 MP: 0/11
  3962 | D:4      | Learned a level 4 spell: Iskenderun's Mystic Blast
  4297 | D:5      | Entered Level 5 of the Dungeon
  4703 | D:5      | Noticed a sky beast
  4716 | D:5      | Killed a sky beast
  4717 | D:5      | Reached skill level 1 in Translocations
  4717 | D:5      | Gained mutation: You are completely covered in slimy green
                  | scales. (AC +4, rPois) [demonic ancestry]
  4717 | D:5      | Reached XP level 7. HP: 51/51 MP: 3/12
  5162 | D:5      | Found a staircase to the Ecumenical Temple.
  5185 | Temple   | Entered the Ecumenical Temple
  5388 | Temple   | Became a worshipper of Vehumet
  5483 | D:5      | Reached skill level 4 in Spellcasting
  5895 | D:5      | Found a stormy altar of Qazlal.
  6240 | D:5      | Found a sacrificial altar of Ru.
  6501 | D:6      | Found Fixukh's Armour Emporium.
  6516 | D:6      | Gained mutation: You have a tail ending in a sharp stinger.
                  | [demonic ancestry]
  6516 | D:6      | Reached XP level 8. HP: 58/58 MP: 7/14
  6568 | D:6      | Found a runed translucent door.
  6570 | D:6      | Noticed iamserjio's ghost (weakling OpTm)
  6578 | D:6      | Killed iamserjio's ghost
  6675 | D:6      | Reached skill level 5 in Spellcasting
  6770 | D:6      | Reached * piety under Vehumet
  6770 | D:6      | Offered knowledge of Sandblast by Vehumet.
  7146 | D:6      | Reached skill level 5 in Stealth
  7675 | D:7      | Noticed Menkaure
  7695 | D:7      | Found a flagged portal.
  7704 | Bailey   | Entered a bailey
  7827 | D:7      | Found a sand-covered staircase.
  7832 | Ossuary  | Entered an ossuary
  7921 | Ossuary  | Gained mutation: A weak demonic guardian rushes to your
                  | aid. [demonic ancestry]
  7921 | Ossuary  | Reached XP level 9. HP: 66/66 MP: 9/17
  7921 | Ossuary  | Reached ** piety under Vehumet
  7921 | Ossuary  | Offered knowledge of Static Discharge by Vehumet.
  8053 | Ossuary  | Reached skill level 6 in Spellcasting
  8505 | D:7      | Noticed Pikel
  8587 | D:7      | Killed Menkaure
  8617 | D:7      | Noticed Dowan
  8658 | D:7      | Noticed Duvessa
  8664 | D:7      | Killed Duvessa
  8672 | D:7      | Killed Dowan
  8742 | D:7      | Killed Pikel
  8743 | D:7      | Reached skill level 5 in Fighting
  8743 | D:7      | Reached skill level 7 in Spellcasting
  8957 | D:7      | Offered knowledge of Ignite Poison by Vehumet.
  9247 | D:7      | Reached skill level 5 in Armour
  9316 | D:7      | Reached *** piety under Vehumet
  9365 | D:7      | Found a basalt altar of Yredelemnul.
  9884 | D:8      | Noticed a gargoyle
  9895 | D:8      | Killed a gargoyle
  9896 | D:8      | Gained mutation: A demonic guardian rushes to your aid.
                  | [demonic ancestry]
  9896 | D:8      | Reached XP level 10. HP: 75/75 MP: 7/21
 10085 | D:8      | Found a hide-covered altar of Uskayaw.
 10148 | D:8      | Offered knowledge of Frozen Ramparts by Vehumet.
 10514 | D:8      | Reached skill level 8 in Spellcasting
 10514 | D:8      | Reached skill level 5 in Translocations
 10678 | D:8      | Found a runed translucent gate.
 10679 | D:8      | Found a runed translucent gate.
 10679 | D:8      | Found a runed translucent gate.
 10682 | D:8      | Noticed feta's ghost (novice GnIE)
 10952 | D:8      | Killed feta's ghost
 11239 | D:9      | Learned a level 7 spell: Haunt
 11377 | D:9      | Found a sparkling altar of Nemelex Xobeh.
 11400 | D:9      | Found a shadowy altar of Dithmenos.
 11441 | D:9      | Reached skill level 1 in Necromancy
 11511 | D:9      | Reached **** piety under Vehumet
 11515 | D:9      | Offered knowledge of Sticky Flame by Vehumet.
 11522 | D:9      | Found a staircase to the Orcish Mines.
 11524 | D:9      | Reached skill level 9 in Spellcasting
 11719 | D:9      | Found a sacrificial altar of Ru.
 11836 | D:9      | Reached XP level 11. HP: 70/83 MP: 13/24
 11836 | D:9      | Found a hazy altar of Hepliaklqana.
 12273 | D:10     | Entered Level 10 of the Dungeon
 12305 | D:10     | Found a snail-covered altar of Cheibriados.
 12471 | D:10     | Identified the +3 hunting sling of Oqieptoz {vorpal, Int+7}
 12528 | D:10     | Found a broken altar of Ashenzari.
 12692 | D:10     | Noticed a two-headed ogre
 12699 | D:10     | Killed a two-headed ogre
 12882 | D:10     | Noticed a two-headed ogre
 12892 | D:10     | Killed a two-headed ogre
 12893 | D:10     | Reached skill level 10 in Spellcasting
 12944 | D:10     | Noticed Maggie
 12957 | D:10     | Killed Maggie
 13153 | D:10     | Found a shimmering altar of Xom.
 13154 | D:10     | Noticed an angel
 13472 | D:11     | Found a staircase to the Lair.
 13526 | Lair:1   | Entered Level 1 of the Lair of Beasts
 13647 | Lair:1   | Identified the +9 falchion of the Feral God {vorpal, Dex+2}
 13695 | Lair:1   | Reached ***** piety under Vehumet
 13788 | Lair:1   | Got the Papyrus of Burning Moulding
 13874 | Lair:1   | Reached skill level 5 in Necromancy
 14035 | Lair:1   | Identified the +7 morningstar of the Reaper {pain, Dex+3}
 14042 | Lair:1   | Offered knowledge of Orb of Destruction by Vehumet.
 14060 | Lair:1   | Learned a level 7 spell: Orb of Destruction
 14580 | Lair:2   | Found a hole to the Spider Nest.
 14663 | Lair:2   | Gained mutation: You regenerate a little health from kills.
                  | [demonic ancestry]
 14663 | Lair:2   | Reached XP level 12. HP: 56/94 MP: 14/26
 14789 | Lair:2   | Reached skill level 11 in Spellcasting
 14815 | Lair:2   | Slain by an elephant

Illustrated notes

Levels and vault maps discovered:
D:1:      lightli_arrival_chessboard, layout_loops_corners,
          shapermc_ecumenical_altar_rom_forum, chequers_jeans,
          chequers_serial_rivers_micro_d, lexackson_kobold_supper
D:2:      layout_loops_cross, serial_shops, nicolae_shop_trees
D:3:      layout_loops_ring, elyvilon_altar_4
D:4:      layout_gridville
D:5:      layout_basic, nicolae_qazlal_scattered_showers,
          minmay_temple_entry_arrows, minmay_ruined_shrine
D:6:      layout_loops_ring, ebering_ghost_reflecting_pool, serial_shops,
          nicolae_shop_advertising_works [nicolae_subvault_shop_adworks],
          serial_bayou, serial_bayou_lagoon_a, serial_bayou_pond_e,
          serial_bayou_lake_a, serial_bayou_pond_e,
          amcnicky_mini_rare_corridor_liquid, dk_rats_in_the_wall
D:7:      layout_cave_pools, lemuel_mausoleum_altar_yredelemnul, enter_bailey_3,
          nicolae_ossuary_entry_false_entrances, uniq_duvessa, uniq_menkaure,
          uniq_pikel
D:8:      layout_loops_ring, nicolae_uskayaw_murder_on_the_dancefloor,
          gammafunk_ghost_spectres
D:9:      layout_roguey, mainiacjoe_overflow_paths, mainiacjoe_overflow_catwalk,
          amcnicky_altar_gilded, nemelex_diamond_rough_becter, david_orc_5
D:10:     layout_loops_ring, grunt_temple_overflow_order_and_chaos_1,
          mainiacjoe_overflow_cross_hatched, ashenzari_altar_1, uniq_maggie
D:11:     layout_roguey, erik_lair_orcish_takeover
Temple:   jpeg_temple_alley_garden
Lair:1:   layout_gridlike
Lair:2:   layout_small_grid, minmay_swamp_entry_reptiles,
          spider_nest_entry_web_field

Skill      XL: |  1  2  3  4  5  6  7  8  9 10 11 12 |
---------------+-------------------------------------+-----
Stealth        | 2 3 4 5 6 7 |  7.1
Spellcasting   | 3 4 5 7 9 10 11 | 11.2
Fighting       | 1 2 3 4 5 6 8 |  8.6
Armour         | 1 2 3 4 5 |  5.2
Conjurations   | 5 6 7 8 9 |  9.9
Translocations | 1 2 3 4 5 7 |  7.5
Necromancy     | 2 5 6 |  6.1
Dodging        | |  1.7

Action                   |  1- 3 |  4- 6 |  7- 9 | 10-12 || total
-------------------------+-------+-------+-------+-------++-------
Melee: Unarmed           |     9 |       |       |       ||     9
       Dagger            |    21 |     6 |    92 |     8 ||   127
       Tailslap          |       |       |    11 |    15 ||    26
       Punch             |       |       |     1 |     1 ||     2
       Falchion          |       |       |       |    44 ||    44
 Fire: Hunting sling     |       |       |       |     4 ||     4
 Cast: Magic Dart        |    82 |    99 |   167 |   160 ||   508
       Searing Ray       |       |     9 |    54 |    39 ||   102
       Iskenderun's Myst |       |       |    15 |    51 ||    66
Evoke: Wand              |       |       |     3 |       ||     3
  Use: Scroll            |       |       |     8 |       ||     8
 Stab: Sleeping          |       |       |       |     1 ||     1
Armor: Robe              |    12 |       |       |       ||    12
       Ring mail         |       |    29 |    88 |    79 ||   196
Dodge: Dodged            |    18 |    31 |   222 |   125 ||   396

Table legend: (Time is in decaauts)
 A = Elapsed time spent in this place.
 B = Non-inter-level travel time spent in this place.
 C = Inter-level travel time spent in this place.
 D = Time resting spent in this place.
 E = Time spent auto-exploring this place.
 F = Levels seen in this place.
 G = Mean time per level.
                   A        B        C        D        E       F      G
               +--------+--------+--------+--------+--------+-----+--------+
         Total |  14883 |  14361 |    522 |    314 |  11843 |  16 |  930.2 |
       Dungeon |  12764 |  12343 |    421 |    314 |  10171 |  11 | 1160.4 |
        Temple |    236 |    171 |     65 |      0 |    164 |   1 |  236.0 |
          Lair |   1301 |   1265 |     36 |      0 |   1027 |   2 |  650.5 |
       Ossuary |    486 |    486 |      0 |      0 |    412 |   1 |  486.0 |
        Bailey |     93 |     93 |      0 |      0 |     69 |   1 |   93.0 |
               +--------+--------+--------+--------+--------+-----+--------+

Top non-repeatable levels by time:
     D:7: 1720 daAuts
     D:5: 1570 daAuts
     D:1: 1525 daAuts
     D:8: 1330 daAuts
     D:6: 1241 daAuts
     D:3: 1083 daAuts
     D:9: 1075 daAuts
  Lair:1: 1054 daAuts
    D:10: 1030 daAuts
     D:4: 989 daAuts
     D:2: 972 daAuts
 Ossuary: 486 daAuts
  Lair:2: 247 daAuts
  Temple: 236 daAuts
    D:11: 223 daAuts
